 Dungeon Crawl Stone Soup version 0.30-a0-165-g1891117ce2 (webtiles) character file.

Game seed: 17051944988775782257

14 ryw the Trooper (level 2, -4/24 HPs)
             Began as a Demonspawn Monk on Sept 29, 2022.
             Slain by a worm (10 damage)
             ... on level 2 of the Dungeon.
             The game lasted 00:00:53 (305 turns).

ryw the Trooper (Demonspawn Monk)                    Turns: 305, Time: 00:00:53

Health: -4/24      AC:  2    Str: 11    XL:     2   Next: 31%
Magic:  2/2        EV: 12    Int: 11    God:
Gold:   0          SH:  4    Dex: 15    Spells: 1/1 levels left

rFire   . . .      SeeInvis .    d - +3 mace of Painful Death {vorpal, Will+ rCorr}
rCold   . . .      Faith    .    (no shield)
rNeg    . . .      Spirit   .    a - +0 robe
rPois   .          Reflect  .    (no helmet)
rElec   .          Harm     .    (no cloak)
rCorr   +          Rampage  .    (no gloves)
Will    ++...                    (no boots)
Stlth   ++........               (no amulet)
HPRegen 0.08/turn                c - ring of willpower
MPRegen 0.08/turn                (no ring)

@: no status effects
A: condensation shield
a: no special abilities


You were on level 2 of the Dungeon.
You visited 1 branch of the dungeon, and saw 2 of its levels.

Inventory:

Hand Weapons
 d - the +3 mace of Painful Death (weapon) {vorpal, Will+ rCorr}
   (You found it on level 2 of the Dungeon)

   It inflicts extra damage upon your enemies.
   rCorr:     It protects you from acid and corrosion.
   Will:      It increases your willpower.
Armour
 a - a +0 robe (worn)
Jewellery
 c - a ring of willpower (left hand)
 f - an amulet of magic regeneration
Scrolls
 e - a scroll of noise {unknown}
Potions
 b - a potion of ambrosia


   Skills:
 - Level 3.3 Fighting
 * Level 0.6(0.7) Maces & Flails
 - Level 2.6 Dodging
 - Level 1.7 Stealth
 - Level 2.6 Unarmed Combat
 + Level 0.6 Fire Magic


You had one spell level left.
You didn't know any spells.
Your spell library was empty.

Dungeon Overview and Level Annotations

Branches:
Dungeon (1/15)

Altars:


Innate Abilities, Weirdness & Mutations

A meltable shield of frost defends you. (SH +4)


Message History

Found a metallic grey potion.
A worm comes into view.
Found a stone staircase leading down.
The worm completely misses you.
You hit the worm.
The worm is moderately wounded.
The quokka bites you.
The quokka bites you but does no damage.
The worm misses you.
You hit the worm.
The worm is moderately wounded.
The quokka closely misses you.
You hit the worm. You punch the worm.
The worm is severely wounded.
The quokka closely misses you. The worm bites you! The quokka bites you.
You barely miss the worm.
The worm is severely wounded.
The quokka closely misses you. You block the worm's attack.
The quokka bites you.
You are too injured to fight recklessly!
You are too injured to fight recklessly!
The quokka attacks as you move away! The quokka bites you.
* * * LOW HITPOINT WARNING * * *
You hit the quokka.
You kill the quokka!
You hit the worm.
The worm is severely wounded.
You block the worm's attack.
You completely miss the worm.
The worm is severely wounded.
The worm bites you.
* * * LOW HITPOINT WARNING * * *
Unknown command.
You barely miss the worm.
The worm is severely wounded.
Unknown command.
You hit the worm.
The worm is almost dead.
The worm bites you!
You die...

#.# #.# ##'## ###.#
##...## ##.#.# ##.....##
#.#..# ##.......##
##..###
#.........####...#######
+.........+........!....
#.........####...#######
##.......## ##.@#
##.....## ###w#####
##...## #.....>.# ##†##
#.#.###.# #.# #.#.# #.#
#.#.# ###.###### #.#.#
###........# #.#.#
........##.# #....


You could see a worm.

Vanquished Creatures
  An adder (D:2)
  A dart slug (D:1)
  A quokka (D:2)
  2 rats (D:1)
5 creatures vanquished.

Notes
Turn   | Place    | Note
-------+----------+-------------------------------------------
     0 | D:1      | ryw the Demonspawn Monk began the quest for the Orb.
     0 | D:1      | Reached XP level 1. HP: 18/18 MP: 1/1
   219 | D:1      | You fall into a shaft and drop 1 floor!
   225 | D:2      | Identified the +3 mace of Painful Death {vorpal, Will+
                  | rCorr}
   238 | D:2      | Gained mutation: A meltable shield of frost defends you.
                  | (SH +4) [demonic ancestry]
   238 | D:2      | Reached XP level 2. HP: 24/24 MP: 2/2
   305 | D:2      | Slain by a worm

Illustrated notes

Levels and vault maps discovered:
D:1:      lightli_arrival_lavapool, layout_basic,
          chequers_ecumenical_altar_simple_redux, wad_floor_pattern_untrapped,
          nicolae_kite_square_tiling_tiny
D:2:      layout_loops_corners, nicolae_figureground_pulse, uniq_sigmund

Action                   || total
-------------------------++-------
Melee: Unarmed           ||    15
       Mace              ||    11
       Punch             ||     1
Armor: Robe              ||     3
Dodge: Dodged            ||    16
Block: Other             ||     2

Table legend: (Time is in decaauts)
 A = Elapsed time spent in this place.
 B = Non-inter-level travel time spent in this place.
 C = Inter-level travel time spent in this place.
 D = Time resting spent in this place.
 E = Time spent auto-exploring this place.
 F = Levels seen in this place.
 G = Mean time per level.
                   A        B        C        D        E       F      G
               +--------+--------+--------+--------+--------+-----+--------+
         Total |    306 |    306 |      0 |    157 |     85 |   2 |  153.0 |
       Dungeon |    306 |    306 |      0 |    157 |     85 |   2 |  153.0 |
               +--------+--------+--------+--------+--------+-----+--------+

Top non-repeatable levels by time:
     D:1: 217 daAuts
     D:2: 89 daAuts
